 Dungeon Crawl Stone Soup version 0.32-a0-859-gb0a091d592 (webtiles) character file.

Game seed: 3359512693179912806

8913 lunkers the Cleaver (level 11, -8/84 HPs)
             Began as a Coglin Berserker on Mar 27, 2024.
             Was a High Priest of Trog.
             Mangled by a two-headed ogre
             ... wielding a +0 giant club
              (21 damage)
             ... on level 9 of the Dungeon.
             The game lasted 00:17:09 (8262 turns).

lunkers the Cleaver (Coglin Berserker)              Turns: 8262, Time: 00:17:10

Health: -8/84      AC: 13    Str: 21    XL:     11   Next: 38%
Magic:  11/11      EV: 10    Int:  7    God:    Trog [*****.]
Gold:   550        SH:  0    Dex: 14    Spells: 10/10 levels left

rFire   . . .        z - +3 war axe (flame) {Gisele}
rCold   . . .        m - +4 hand axe {Jubei}
rNeg    . . .        B - +2 scale mail {Will+}
rPois   .            b - +0 helmet
rElec   .            A - +0 cloak
rCorr   .            q - +1 pair of gloves
SInv    .            (no boots)
Will    +....        (amulet unavailable) Stlth
                     (ring unavailable)
HPRegen 0.34/turn    (ring unavailable)
MPRegen 0.12/turn    (no gizmo)

%: no passive effects
@: on berserk cooldown, slowed, very slow
A: off-hand wielding, slow wielding, warmup strikes, no jewellery
a: Invent Gizmo, Renounce Religion, Berserk, Trog's Hand, Brothers in Arms


You were on level 9 of the Dungeon.
You worshipped Trog.
Trog was extremely pleased with you.
You visited 1 branch of the dungeon, and saw 9 of its levels.

You collected 550 gold pieces.

Inventory:

Hand Weapons
 m - a +4 hand axe (offhand) {Jubei}
 s - a +2 whip of venom {Nari}
 x - the +7 staff of the Meek {protect, meekguard}
   (You found it on level 6 of the Dungeon)
 z - a +3 war axe of flaming (weapon) {Gisele}
Armour
 b - a +0 helmet (worn)
 q - a +1 pair of gloves (worn)
 t - the +1 pair of boots "Isa Iliylole" {Str+2 Dex+4 Slay-2}
   (You found it on level 4 of the Dungeon)

   Str+2:     It affects your strength (+2).
   Dex+4:     It affects your dexterity (+4).
   Slay-2:    It affects your accuracy & damage with ranged weapons and melee
   (-2).
 y - a +0 plate armour of poison resistance
 A - a +0 cloak (worn)
 B - a +2 scale mail of willpower (worn)
Wands
 c - a wand of flame (10)
 o - a wand of mindburst (7)
 w - a wand of polymorph (8)
Scrolls
 f - 4 scrolls of teleportation
 g - a scroll of poison {unknown}
 h - a scroll of immolation
 k - 2 scrolls of identify
 l - 2 scrolls of enchant armour
 r - 4 scrolls of fear
 C - a scroll of silence {unknown}
 D - a scroll of vulnerability {unknown}
Potions
 a - 2 potions of haste
 d - a potion of lignification
 e - a potion of might
 i - 2 potions of curing
 j - 3 potions of heal wounds
 n - 2 potions of invisibility
 p - a potion of mutation
 u - 3 potions of enlightenment
 v - 2 potions of attraction


   Skills:
 + Level 7.4 Fighting
 - Level 14.0 Axes
 + Level 4.6 Armour
 + Level 4.6 Dodging
 + Level 6.1 Evocations


You had 10 spell levels left.
You didn't know any spells.
Your spell library was empty.

Dungeon Overview and Level Annotations

Branches:
Dungeon (9/15)             Temple (0/1) D:4            Lair (0/5) D:9
    Orc: D:9-12

Altars:
Yredelemnul

Shops:
D:2 (   D:3 =   D:6 *   D:8 *

Annotations:
D:7 2 runed translucent doors
D:9 1 runed translucent door, zenocrate's ghost, novice OpEE


Innate Abilities, Weirdness & Mutations

You can wield a second weapon in your off-hand.
It takes a long time for you to wield or remove held weapons.
Your first few attacks do less damage.
You cannot equip rings or amulets.


Message History

Trog accepts your kill.
Items here: ( ))) [[[ ††.
You feel a strong urge to attack something.
You are no longer berserk.
You are exhausted.
You feel yourself slow down.
i - 2 potions of curing (gained 1)
The sentinel's mark upon you fades away.
Things that are here:
a +0 dagger; a +0 robe; an orc corpse
Items here: ( ))) [[[ ††.
Okay, then.
Things that are here:
a +0 mace; a +0 leather armour A two-headed ogre comes into view.
It is wielding two +0 giant clubs.
Things that are here:
a +0 short sword of venom; an orc corpse
Aiming: Mindburst
Press: ? - help, Shift-Dir - straight line, f - two-headed ogre
Aim: a two-headed ogre, wielding two +0 giant clubs (chance to affect: 71%)
The two-headed ogre struggles to resist.
Aiming: Mindburst
Press: ? - help, Shift-Dir - straight line, f/p - two-headed ogre
Aim: a two-headed ogre, wielding two +0 giant clubs (chance to affect: 71%)
The two-headed ogre's minds are blasted!!
Aiming: Mindburst
Press: ? - help, Shift-Dir - straight line, f/p - two-headed ogre
Aim: a two-headed ogre, wielding two +0 giant clubs (heavily wounded, chance to affect: 71%)
The two-headed ogre struggles to resist.
The two-headed ogre hits you with a +0 giant club!
* * * LOW HITPOINT WARNING * * *
The two-headed ogre hits you with a +0 giant club!
* * * LOW HITPOINT WARNING * * *
Unknown command.
Aiming: Mindburst
Press: ? - help, Shift-Dir - straight line, f/p - two-headed ogre
Aim: a two-headed ogre, wielding two +0 giant clubs (heavily wounded, chance to affect: 71%)
The two-headed ogre's minds are blasted!
The two-headed ogre hits you with a +0 giant club!!
You die...

#.#............
# ###.#.....# #
..........# #
.......)..# #
#####.))))#
#.##### ###)###
#...... #)#
####### # #O# #
#...##@### #
..........# #
......#.#.# #
.....<#.#.# #
........##.#.#
#
##+###..>..#.#
#
∩...W#..####.#
P...3#..# #.#
∩...∩#..# #.#


You could see a two-headed ogre, a ynoxinul and zenocrate's ghost.

Vanquished Creatures
  A two-headed ogre (D:9)
  Pikel (D:6)
  A deep elf pyromancer (D:7)
  A cyclops (D:7)
  Maurice (D:8)
  2 kobold demonologists (D:9)
  Jeremiah (D:7)
  A troll (D:7)
  Prince Ribbit (D:7)
  A shadow (D:9)
  4 yaks (D:8)
  A wraith (D:7)
  A wyvern (D:7)
  A steam dragon (D:7)
  Menkaure (D:7)
  An acid dragon (D:9)
  2 water moccasins
  2 sky beasts (D:7)
  5 orc warriors
  5 ice beasts
  A black bear (D:7)
  4 lemures (D:6)
  A centaur (D:7)
  3 phantoms
  9 bullfrogs
  4 scorpions
  2 wights (D:7)
  A killer bee (D:7)
  4 howler monkeys
  A crimson imp (D:5)
  A bombardier beetle (D:6)
  3 jellies
  3 hounds
  Crazy Yiuf (D:7)
  7 orc priests
  Ijyb (D:3)
  8 iguanas
  9 orc wizards
  10 adders
  3 white imps
  2 ufetubi (D:5)
  3 dart slugs
  2 ribbon worms (D:5)
  42 orcs
  11 ball pythons
  3 bats
  8 endoplasms
  4 giant cockroaches
  10 goblins
  13 hobgoblins
  7 jackals
  12 kobolds
  7 quokkas
  2 frilled lizards (D:1)
  3 rats
239 creatures vanquished.

Vanquished Creatures (others)
  A water moccasin (D:7)
1 creature vanquished.

Grand Total: 240 creatures vanquished

Notes
Turn   | Place    | Note
-------+----------+-------------------------------------------
     0 | D:1      | lunkers the Coglin Berserker began the quest for the Orb.
     0 | D:1      | Reached XP level 1. HP: 18/18 MP: 1/1
   191 | D:1      | Reached XP level 2. HP: 24/24 MP: 2/2
   238 | D:1      | Found a faded altar of an unknown god.
   448 | D:1      | Reached skill level 4 in Axes
   500 | D:1      | Reached XP level 3. HP: 29/29 MP: 3/3
   881 | D:2      | Reached ** piety under Trog
  1043 | D:2      | Reached XP level 4. HP: 33/35 MP: 4/4
  1087 | D:2      | Found Kele's Antique Weapon Shop.
  1310 | D:2      | Reached skill level 5 in Axes
  1506 | D:3      | Noticed Ijyb
  1617 | D:3      | Killed Ijyb
  1851 | D:3      | Upgraded the game from 0.32-a0-841-g4648e6c457 to
                  | 0.32-a0-859-gb0a091d592
  1856 | D:3      | Reached XP level 5. HP: 41/41 MP: 5/5
  1939 | D:3      | Found Yfug's Jewellery Shop.
  2039 | D:3      | Reached *** piety under Trog
  2451 | D:4      | Reached skill level 6 in Axes
  2617 | D:4      | Found a staircase to the Ecumenical Temple.
  2784 | D:4      | Identified the +1 pair of boots "Isa Iliylole" {Str+2 Dex+4
                  | Slay-2}
  2883 | D:4      | Reached XP level 6. HP: 47/47 MP: 6/6
  3164 | D:5      | Entered Level 5 of the Dungeon
  3166 | D:5      | Noticed an ice beast
  3175 | D:5      | Reached skill level 7 in Axes
  3185 | D:5      | Killed an ice beast
  3267 | D:5      | Reached XP level 7. HP: 52/52 MP: 7/7
  3293 | D:5      | Reached skill level 8 in Axes
  3616 | D:5      | Reached skill level 9 in Axes
  3665 | D:5      | Reached XP level 8. HP: 46/58 MP: 8/8
  3909 | D:5      | Reached **** piety under Trog
  4345 | D:5      | Reached skill level 10 in Axes
  4446 | D:6      | Found the +7 staff of the Meek {protect, meekguard}
  4563 | D:6      | Found Iwecima's Fire Supplies.
  4778 | D:6      | Reached skill level 11 in Axes
  4790 | D:6      | Reached XP level 9. HP: 56/63 MP: 9/9
  5071 | D:6      | Noticed Pikel
  5089 | D:6      | Killed Pikel
  5090 | D:6      | Reached skill level 12 in Axes
  5595 | D:7      | Found a large runed translucent door.
  5596 | D:7      | Found a large runed translucent door.
  5598 | D:7      | Noticed a cyclops
  5613 | D:7      | Noticed a troll
  5623 | D:7      | Killed a troll
  5624 | D:7      | Reached skill level 13 in Axes
  5670 | D:7      | Noticed Prince Ribbit
  5685 | D:7      | Killed Prince Ribbit
  5686 | D:7      | Found a large runed translucent door.
  5686 | D:7      | Found a large runed translucent door.
  5789 | D:7      | Killed a cyclops
  5790 | D:7      | Reached skill level 14 in Axes
  5790 | D:7      | Reached XP level 10. HP: 63/71 MP: 10/10
  5920 | D:7      | Noticed Menkaure
  5925 | D:7      | Killed Menkaure
  5926 | D:7      | Reached skill level 5 in Fighting
  6032 | D:7      | Noticed Jeremiah
  6051 | D:7      | Killed Jeremiah
  6052 | D:7      | Reached skill level 1 in Evocations
  6442 | D:7      | Found a basalt altar of Yredelemnul.
  6649 | D:7      | Found a runed translucent door.
  6650 | D:7      | Noticed Crazy Yiuf
  6753 | D:7      | Identified the +1 spear of Tiophag {pain, Int+4}
  6807 | D:7      | Noticed a deep elf pyromancer
  6810 | D:7      | Reached ***** piety under Trog
  6814 | D:7      | Killed a deep elf pyromancer
  7175 | D:7      | Killed Crazy Yiuf
  7358 | D:8      | Noticed Maurice
  7384 | D:8      | Something stole a +2 whip of venom {Nari}
  7397 | D:8      | Maurice stole 262 gold
  7399 | D:8      | Killed Maurice
  7400 | D:8      | Reached XP level 11. HP: 83/83 MP: 8/11
  7451 | D:8      | Reached skill level 5 in Evocations
  7666 | D:8      | Found Hick's Mayhem Merchandise.
  8140 | D:9      | Found a staircase to the Lair.
  8199 | D:9      | Noticed zenocrate's ghost (novice OpEE)
  8206 | D:9      | Found a runed translucent door.
  8229 | D:9      | Noticed a two-headed ogre
  8240 | D:9      | Killed a two-headed ogre
  8256 | D:9      | Noticed a two-headed ogre
  8262 | D:9      | Mangled by a two-headed ogre

Illustrated notes

Levels and vault maps discovered:
D:1:      giann_forest_graveyard, layout_basic, chequers_ecumenical_altar_grove,
          nicolae_hexahallways
D:2:      layout_basic, serial_shops, shop
D:3:      layout_loops_ring, serial_shops, nicolae_shop_just_a_little_nook,
          minmay_fractal_squares_diagonal_5, uniq_ijyb
D:4:      layout_cave_pods, minmay_temple_entry_stoned_glass
D:5:      minmay_skewed_foursquare, layout_basic, minmay_fire_ice_demons
D:6:      layout_basic, chequers_mini_garden, kennysheep_crisscross,
          nicolae_shop_fire_sale [nicolae_sub_dead_trees], uniq_pikel
D:7:      layout_basic, nicolae_overflow_hidden_temple,
          minmay_hollow_rounded_squares, uniq_menkaure, uniq_prince_ribbit1,
          uniq_crazy_yiuf_cottage, uniq_jeremiah
D:8:      layout_loops_cross, minmay_shop_mayhem, uniq_maurice
D:9:      layout_loops_ring, lair_entry_dummy, hellmonk_ghost_big_iron

Skill      XL: |  1  2  3  4  5  6  7  8  9 10 11 |
---------------+----------------------------------+-----
Axes           | 4 5 6 7 9 11 14 | 14.0
Fighting       | 4 6 7 |  7.4
Armour         | 3 4 |  4.6
Dodging        | 3 4 |  4.6
Evocations     | 4 6 |  6.1

Action                     |  1- 3 |  4- 6 |  7- 9 | 10-12 || total
---------------------------+-------+-------+-------+-------++-------
  Melee: Hand axe          |    82 |   153 |   350 |   135 ||   720
         Dagger            |    77 |   110 |       |       ||   187
         Whip              |       |    40 |   148 |       ||   188
         War axe           |       |       |       |   132 ||   132
 Invoke: Berserk           |       |     1 |     4 |     4 ||     9
  Evoke: Wand              |       |       |       |     6 ||     6
    Use: Scroll            |       |       |     9 |     7 ||    16
         Potion            |       |       |       |     1 ||     1
 Armour: Scale mail        |    47 |   110 |   151 |    80 ||   388
         Animal skin       |     1 |       |       |       ||     1
         Skin              |       |       |       |     6 ||     6
  Dodge: Dodged            |    43 |    70 |    87 |    39 ||   239

Table legend: (Time is in decaauts)
 A = Elapsed time spent in this place.
 B = Non-inter-level travel time spent in this place.
 C = Inter-level travel time spent in this place.
 D = Time resting spent in this place.
 E = Time spent auto-exploring this place.
 F = Levels seen in this place.
 G = Mean time per level.
                   A        B        C        D        E       F      G
               +--------+--------+--------+--------+--------+-----+--------+
         Total |   8235 |   7974 |    261 |    347 |   6246 |   9 |  915.0 |
       Dungeon |   8235 |   7974 |    261 |    347 |   6246 |   9 |  915.0 |
               +--------+--------+--------+--------+--------+-----+--------+

Top non-repeatable levels by time:
     D:7: 1710 daAuts
     D:5: 1265 daAuts
     D:6: 1116 daAuts
     D:1: 868 daAuts
     D:3: 853 daAuts
     D:8: 732 daAuts
     D:2: 731 daAuts
     D:4: 720 daAuts
     D:9: 236 daAuts
